 Dungeon Crawl Stone Soup version 0.22-a0-362-g535178c5c5 (webtiles) character file.

65 RKaid the Vandal (level 4, -3/29 HPs)
             Began as a Halfling Arcane Marksman on Apr 20, 2018.
             Slain by a goblin
             ... wielding a +0 club
              (7 damage)
             ... on level 2 of the Dungeon.
             The game lasted 00:04:25 (1879 turns).

RKaid the Vandal (Halfling Arcane Marksman)         Turns: 1879, Time: 00:04:25

Health: -3/29      AC:  2    Str: 11    XL:     4   Next: 35%
Magic:  5/5        EV: 15    Int: 12    God:
Gold:   88         SH:  0    Dex: 14    Spells: 4/5 levels left

rFire    . . .     SeeInvis .   a - +0 hunting sling
rCold    . . .     Gourm    .   (shield restricted)
rNeg     . . .     Faith    .   e - +0 robe
rPois    .         Spirit   .   (no helmet)
rElec    .         Reflect  .   (no cloak)
rCorr    .         Harm     .   (no gloves)
MR       .....                  (no boots)
Stlth    +.........             (no amulet)
HPRegen  0.09/turn              (no ring)
MPRegen  0.09/turn              (no ring)

@: lethally poisoned (-3 -> -8)
A: small, mutation resistance 1
a: no special abilities


You were on level 2 of the Dungeon.
You were not hungry.

You visited 1 branch of the dungeon, and saw 3 of its levels.

You collected 88 gold pieces.

Inventory:

Hand Weapons
 a - a +0 hunting sling (weapon)
 b - a +0 dagger
   (You took it off a goblin on level 1 of the Dungeon)
 l - a +2 dagger of holy wrath
   (You found it on level 1 of the Dungeon)
Missiles
 q - 36 sling bullets (quivered)
 s - 52 stones
Armour
 e - a +0 robe (worn)
Scrolls
 g - a scroll of blinking {unknown}
 j - 2 scrolls of enchant weapon {unknown}
 k - 2 scrolls of identify {unknown}
 m - a scroll of immolation {unknown}
 n - 2 scrolls of teleportation {unknown}
 u - 2 scrolls of amnesia {unknown}
Potions
 c - a potion of brilliance {unknown}
 d - 2 potions of flight {unknown}
 h - a potion of agility {unknown}
 i - 2 potions of heal wounds {unknown}
 o - 2 potions of mutation {unknown}
 p - a potion of curing {unknown}
 t - a potion of haste {unknown}
Comestibles
 f - 6 rations
 r - 5 chunks of flesh


   Skills:
 + Level 1.8 Fighting
 * Level 4.9 Slings
 + Level 3.0 Dodging
 - Level 1.0 Spellcasting
 - Level 2.4 Hexes


You had 4 spell levels left.
You knew the following spells:

 Your Spells              Type           Power        Failure   Level  Hunger
b - Corona                Hex            #......      12%         1    ##.....


Dungeon Overview and Level Annotations

Branches:
Dungeon (3/15)

Altars:


Innate Abilities, Weirdness & Mutations

You are small and have problems with some larger weapons.
You are somewhat resistant to further mutation.


Message History

Press: ? - help, Shift-Dir - straight line, f/p - hobgoblin
Aim: a hobgoblin, wielding a club (lightly wounded)
You shoot a stone. The stone barely misses the hobgoblin.
The hobgoblin hits you but does no damage.
You are feeling hungry.
You see here a dagger.
Firing (i - inventory. (/) - cycle)
s - 33 stones (quivered)
Press: ? - help, Shift-Dir - straight line, f/p - hobgoblin
Aim: a hobgoblin, wielding a club (lightly wounded)
You shoot a stone. The stone hits the hobgoblin.
The hobgoblin hits you with a club.
Firing (i - inventory. (/) - cycle)
s - 32 stones (quivered)
Press: ? - help, Shift-Dir - straight line, f/p - hobgoblin
Aim: a hobgoblin, wielding a club (almost dead)
You shoot a stone. The stone closely misses the hobgoblin.
Firing (i - inventory. (/) - cycle)
s - 31 stones (quivered)
Press: ? - help, Shift-Dir - straight line, f/p - hobgoblin
Aim: a hobgoblin, wielding a club (almost dead)
You shoot a stone. The stone hits the hobgoblin.
You kill the hobgoblin!
s - 31 stones (gained 1)
Things that are here:
a club; a hobgoblin corpse
s - 33 stones (gained 2)
You see here a dagger.
Things that are here:
a club; a hobgoblin corpse You butcher the hobgoblin corpse.
r - 8 chunks of flesh (gained 2)
You see here a club.
You see here a dagger.
q - 37 sling bullets (gained 27)
s - 40 stones (gained 7) Eating one of 8 chunks of flesh.
You eat one of the 8 chunks of flesh.
This raw flesh tastes terrible.
Found a stone staircase leading down.
s - 41 stones (gained 1)
There is a stone staircase leading down here.
s - 58 stones (gained 17)
f - 6 rations (gained 1)
u - 2 scrolls labeled INOMIMUPRO Some of the chunks of flesh in your inventory have rotted away.
Done exploring.
Done exploring.
Done exploring.
Done exploring.
Done exploring.
Done exploring.
Done exploring.
There is a stone staircase leading down here.
You climb downwards.
An adder and a goblin come into view.
The adder hisses angrily.
The goblin shouts!
Found a scroll labeled VAENWA LIJUO.
Found a stone staircase leading up.
There is a stone staircase leading up here.
Firing (i - inventory. (/) - cycle)
s - 58 stones (quivered)
Press: ? - help, Shift-Dir - straight line, f - goblin
Aim: a goblin, wielding a club You shoot a stone.
The stone barely misses the adder.
Firing (i - inventory. (/) - cycle)
s - 57 stones (quivered)
Press: ? - help, Shift-Dir - straight line, f/p - adder
Aim: an adder You shoot a stone.
The stone hits the adder!
Firing (i - inventory. (/) - cycle)
s - 56 stones (quivered)
Press: ? - help, Shift-Dir - straight line, f/p - adder
Aim: an adder (severely wounded)
You shoot a stone. The stone hits the adder.
A giant cockroach comes into view.
Firing (i - inventory. (/) - cycle)
s - 55 stones (quivered)
Press: ? - help, Shift-Dir - straight line, f/p - adder
Aim: an adder (almost dead)
You shoot a stone. The stone closely misses the adder.
The adder bites you.
The giant cockroach moves out of view.
The adder misses you.
Firing (i - inventory. (/) - cycle)
s - 54 stones (quivered)
Press: ? - help, Shift-Dir - straight line, f/p - adder
Aim: an adder (severely wounded)
You shoot a stone.
The stone hits the adder but does no damage.
The goblin barely misses you. The adder bites you.
The goblin hits you with a club. The adder closely misses you.
You climb upwards.
There is a stone staircase leading down here.
Firing (i - inventory. (/) - cycle)
s - 53 stones (quivered)
Press: ? - help, Shift-Dir - straight line, f - adder
Aim: an adder (severely wounded)
You shoot a stone.
The stone hits the adder but does no damage.
The adder bites you.
You are poisoned.
The adder poisons you! The goblin hits you with a club.
Quiver which item? (- for none, * to show all) (? for menu, Esc to quit)
Quivering
q - 37 sling bullets for slings.
Firing (i - inventory. (/) - cycle)
q - 37 sling bullets (quivered)
Press: ? - help, Shift-Dir - straight line, f/p - adder
Aim: an adder (severely wounded)
You shoot a sling bullet. The sling bullet hits the adder.
You feel sick. The adder bites you.
* * * LOW HITPOINT WARNING * * *
The goblin hits you with a club!
You die...

############### #<##....
#.....#.......# #.####.#
#.###.#.#####.# #.####.#
#.....#.#####.# #......#
#..#.......##.#############
#.....#.#............#
##.....#.##.##.######.#
#......#...S...# #.#
##.##.#.##..@...# #.#
#.......##.g....# #.# ##
#..#..#.##......######.#####.
#....##.##..........##.##....
#......[##......###.##.##.##.
#.#>###.##..............#.###
#.......##.......##.##..#.#
###.############.##.......#
####.#### #.#####..###


You could see an adder and a goblin.

Vanquished Creatures
  3 gnolls
  2 worms (D:2)
  A ball python (D:1)
  A bat (D:1)
  A giant cockroach (D:2)
  6 goblins
  7 hobgoblins
  A kobold (D:1)
  A quokka (D:2)
  3 frilled lizards
  2 rats
28 creatures vanquished.

Notes
Turn   | Place    | Note
-------+----------+-------------------------------------------
     0 | D:1      | RKaid the Halfling Arcane Marksman began the quest for the Orb.
     0 | D:1      | Reached XP level 1. HP: 12/12 MP: 2/2
    31 | D:1      | Reached skill level 1 in Fighting
   223 | D:1      | Reached XP level 2. HP: 18/18 MP: 3/3
   842 | D:2      | Reached skill level 4 in Slings
   842 | D:2      | Reached XP level 3. HP: 23/23 MP: 4/4
  1122 | D:1      | HP: 3/23 [gnoll/flail (11)]
  1524 | D:2      | Reached XP level 4. HP: 29/29 MP: 5/5
  1719 | D:2      | Reached skill level 3 in Dodging
  1879 | D:2      | HP: 4/29 [adder (5)]
  1879 | D:2      | Slain by a goblin

Vault maps used:
D:1:      erik_arrival_cave_to_civilisation
D:2:      kennysheep_generic_room_8
D:3:      grunt_gozag_breadcrumbs

Skill      XL: |  1  2  3  4 |
---------------+-------------+-----
Fighting       | 1 |  1.8
Slings         | 4 |  4.9
Dodging        | 3 |  3.0
Spellcasting   | |  1.0
Hexes          | |  2.4

Action                   |  1- 3 |  4- 6 || total
-------------------------+-------+-------++-------
Melee: Dagger            |     8 |       ||     8
 Fire: Hunting sling     |    68 |    41 ||   109
  Eat: Chunk             |     1 |     2 ||     3
Armor: Robe              |     2 |     2 ||     4
Dodge: Dodged            |    13 |     8 ||    21

Table legend:
 A = Spawn XP
 B = Non-spawn XP
 C = Spawn XP percentage of total XP
 D = Spawn monster count
 E = Non-spawn monster count
 F = Spawn count percentage of total count
 G = Total turns spent on level
                    A         B        C        D         E        F      G
               +---------+---------+-------+---------+---------+-------+---------
         Total |       0 |      94 |   0.0 |       0 |      28 |   0.0 |  1879
               +---------+---------+-------+---------+---------+-------+---------
           D:1 |       0 |      39 |   0.0 |       0 |      14 |   0.0 |  1041
           D:2 |       0 |      55 |   0.0 |       0 |      14 |   0.0 |   831
               +---------+---------+-------+---------+---------+-------+---------

Table legend:
 A = Turns spent in this place as a percentage of turns spent in the entire game.
 B = Non-inter-level travel turns spent in this place as a percentage of non-inter-level travel turns spent in the entire game.
 C = Inter-level travel turns spent in this place as a percentage of turns spent in this place.
 D = Turns resting spent in this place as a percentage of non-inter-level travel turns spent in this place.
 E = Turns spent auto-exploring this place as a percentage of non-inter-level travel turns spent in this place.
 F = Non-inter-level travel turns spent in this place divided by the number of levels of this place that you've seen.
                   A       B       C       D       E      F
               +-------+-------+-------+-------+-------+----------------------
         Total | 100.0 | 100.0 |   4.8 |  16.1 |  63.8 | 596.0
       Dungeon | 100.0 | 100.0 |   4.8 |  16.1 |  63.8 | 596.0
               +-------+-------+-------+-------+-------+----------------------

Table legend:
 A = Kills in this place as a percentage of kills in entire the game.
 B = Kills by you in this place as a percentage of kills by you in the entire game.
 C = Kills by friends in this place as a percentage of kills by friends in the entire game.
 D = Other kills in this place as a percentage of other kills in the entire game.
 E = Experience gained in this place as a percentage of experience gained in the entire game.
 F = Experience gained in this place divided by the number of levels of this place that you have seen.
                   A       B       C       D       E      F
               +-------+-------+-------+-------+-------+----------------------
         Total | 100.0 | 100.0 |   N/A |   N/A | 100.0 |  31.3
       Dungeon | 100.0 | 100.0 |   N/A |   N/A | 100.0 |  31.3
               +-------+-------+-------+-------+-------+----------------------
